 Dungeon Crawl Stone Soup version 0.20-a0-251-g16a58bf (webtiles) character file.

70 severen the Chiller (level 4, -1/27 HPs)
             Began as an Octopode Ice Elementalist on Nov 30, 2016.
             Slain by Potronius's ghost (7 damage)
             ... on level 3 of the Dungeon.
             The game lasted 00:09:07 (2398 turns).

severen the Chiller (Octopode Ice Elementalist)     Turns: 2398, Time: 00:09:08

Health: -1/27      AC:  1    Str:  7    XL:     4   Next: 21%
Magic:  8/8        EV: 13    Int: 18    God:
Gold:   111        SH:  0    Dex: 12    Spells: 0/8 levels left

rFire  . . .     SeeInvis .     b - +0 hand axe (elec)
rCold  . . .     Gourm    .     (no shield)
rNeg   + . .     Faith    .     (helmet restricted)
rPois  .         Spirit   .     (no amulet)
rElec  .         Reflect  .     r - ring of flight
rCorr  .         Harm     .     z - ring of positive energy
MR     .....                    (no ring)
Stlth  +++.......               (no ring)
                                (no ring)
                                (no ring)
                                (no ring)
                                (no ring)

@: no status effects
A: almost no armour, stealthy swim, amphibious, 8 rings, constrict 8, camouflage
1, gelatinous body 1
a: Evoke Flight


You were on level 3 of the Dungeon.
You were not hungry.

You visited 1 branch of the dungeon, and saw 3 of its levels.

You collected 111 gold pieces.

Inventory:

Hand Weapons
 a - a +0 hunting sling
 b - a +0 hand axe of electrocution (weapon)
 i - a +0 club
 p - a +0 dagger
Missiles
 d - 20 poisoned needles
 e - 34 stones (quivered)
 k - 40 sling bullets
 y - 3 exploding tomahawks
Jewellery
 r - a ring of flight (left tentacle)
 z - a ring of positive energy (right tentacle)
Scrolls
 c - 4 scrolls of enchant armour {unknown}
 f - 3 scrolls of blinking {unknown}
 g - 2 scrolls of remove curse {unknown}
 h - 2 scrolls of identify {unknown}
 l - 2 scrolls of teleportation {unknown}
 v - a scroll of enchant weapon {unknown}
 w - a scroll of recharging {unknown}
Potions
 j - a potion of might {unknown}
 m - 2 potions of agility {unknown}
 n - a potion of cure mutation {unknown}
 t - a potion of degeneration {unknown}
 x - a potion of magic {unknown}
 A - 2 potions of lignification {unknown}
Books
 q - a book of Frost

   Spells                             Type                      Level
   a - Freeze                         Ice                          1
   b - Throw Frost                    Conjuration/Ice              2
   c - Ozocubu's Armour               Charms/Ice                   3
   d - Throw Icicle                   Conjuration/Ice              4
   e - Summon Ice Beast               Ice/Summoning                4
Comestibles
 o - a meat ration
 s - 2 bread rations
 u - a beef jerky


   Skills:
 - Level 2.0 Dodging
 - Level 2.6 Stealth
 - Level 2.9 Spellcasting
   Level 1.0 Conjurations
 + Level 1.0 Summonings
 - Level 4.1 Ice Magic


You couldn't memorise any spells.
You knew the following spells:

 Your Spells              Type           Power        Failure   Level  Hunger
a - Freeze                Ice            ###.         3%          1    None
b - Ozocubu's Armour      Chrm/Ice       ##......     24%         3    ###....
c - Summon Ice Beast      Ice/Summ       ##......     67%         4    ####...


Dungeon Overview and Level Annotations

Branches:
Dungeon (3/15)

Altars:
Gozag
Hepliaklqana

Annotations:
D:3 Potronius's ghost, amateur GrGl


Innate Abilities, Weirdness & Mutations

You cannot wear most types of armour.
You are very stealthy in the water. (Stealth+)
You are amphibious.
You can wear up to eight rings at the same time.
You can use your tentacles to constrict eight enemies at once.
Your skin changes colour to match your surroundings (Stealth+).
Your rubbery body absorbs attacks. (AC +1, EV +1)


Message History

You miss the adder. You grab the adder. You squeeze the adder!
The adder is almost dead.
You constrict the adder.
You feel sick. The adder bites you. x2
You barely miss the adder. You squeeze the adder.
You kill the adder!
Your Summonings skill increases to level 1!
You feel sick. Potronius's ghost misses you.
You feel sick.
You feel sick.
You feel sick.
You feel sick.
You feel sick.
You feel sick.
You are no longer poisoned.
You see here 21 bolts.
You open the door.
Found 16 gold pieces.
There is an open door here.
Potronius's ghost hits you!
You die...

######### ##.........###.# #... #
#.########....# #... # #.# #.####
##.. # ##'# #.# #.. ## ##...# #.#
##. .### #.....# ##g####### #.
#..## .......## #........# ##
##..####....<...$###....###.#####
#....W.'........@Wg(.............
....####.........###>#..###.#####
.#.## .......###.###..##.# .####
#.....# ##.#.#.##.# ....# ##...#
#..##.##.# ###.# ##'# #.###.##.#
#.# #.# #........# #.# #.#
#####.#### #.# ##.## #.# ###


You could see Potronius's ghost and a goblin.

Vanquished Creatures
  2 adders
  An ooze (D:1)
  3 worms (D:2)
  3 dart slugs
  A leopard gecko (D:1)
  An orc (D:3)
  A goblin (D:2)
  4 hobgoblins
  A jackal (D:1)
  2 kobolds
  2 quokkas
  5 bats
  4 frilled lizards
  2 rats (D:1)
32 creatures vanquished.

Notes
Turn   | Place    | Note
-------+----------+-------------------------------------------
     0 | D:1      | severen the Octopode Ice Elementalist began the quest for the Orb.
     0 | D:1      | Reached XP level 1. HP: 11/11 MP: 3/3
   319 | D:1      | Reached XP level 2. HP: 17/17 MP: 3/5
  1105 | D:2      | Found an opulent altar of Gozag.
  1156 | D:2      | Found a hazy altar of Hepliaklqana.
  1160 | D:2      | Reached XP level 3. HP: 16/21 MP: 3/6
  1171 | D:2      | Learned a level 3 spell: Ozocubu's Armour
  1793 | D:2      | Reached skill level 4 in Ice Magic
  2063 | D:3      | Reached XP level 4. HP: 27/27 MP: 8/8
  2084 | D:3      | Learned a level 4 spell: Summon Ice Beast
  2340 | D:3      | Noticed Potronius's ghost (amateur GrGl)
  2372 | D:3      | Reached skill level 1 in Summonings
  2398 | D:3      | Slain by Potronius's ghost

Vault maps used:
D:1:      sevenhm_arrival_forest_fort_small_4, minmay_misc_feat_four_crosses,
          minmay_pentomino_p2
D:2:      nicolae_overflow_crystal_walls,
          nicolae_gozag_cash_rules_everything_around_me

Skill      XL: |  1  2  3  4 |
---------------+-------------+-----
Ice Magic      | 4 |  4.1
Summonings     | 1 |  1.0
Dodging        | |  2.0
Stealth        | |  2.6
Spellcasting   | |  2.9
Conjurations   | |  1.0

Action                   |  1- 3 |  4- 6 || total
-------------------------+-------+-------++-------
Melee: Unarmed           |     5 |       ||     5
       Constrict         |     8 |     1 ||     9
       Club              |     4 |       ||     4
       Hand axe          |    20 |     6 ||    26
       Tentacles         |     3 |     2 ||     5
 Fire: Hunting sling     |    19 |     1 ||    20
Throw: Stone             |    23 |       ||    23
 Cast: Freeze            |    25 |       ||    25
 Stab: Sleeping          |     4 |       ||     4
  Eat: Chunk             |     3 |     2 ||     5
Armor: Skin              |     2 |       ||     2
Dodge: Dodged            |    28 |     4 ||    32
